 Dungeon Crawl Stone Soup version 0.17.1-1-g73c8601 (webtiles) character file.

762 PossumBlood the Carver (level 7, -9/57 HPs)
             Began as a Minotaur Fighter on Jan 6, 2016.
             Was a Follower of Trog.
             Mangled by an ogre
             ... wielding a +0 giant spiked club
              (23 damage)
             ... on level 5 of the Dungeon.
             The game lasted 00:09:53 (2997 turns).

PossumBlood the Carver (Minotaur Fighter)           Turns: 2997, Time: 00:09:53

Health: -9/57      AC:  9    Str: 22    XL:     7   Next: 51%
Magic:  6/6        EV:  7    Int:  5    God:    Trog [*.....]
Gold:   275        SH:  9    Dex: 10    Spells: 0 memorised, 6 levels left

rFire  . . .     SeeInvis +     a - +1 long sword
rCold  . . .     Clarity  .     b - +0 scale mail
rNeg   . . .     SustAt   .     c - +0 shield
rPois  .         Gourm    .     (helmet restricted)
rElec  .         Spirit   .     (no cloak)
rCorr  .         Warding  .     p - +1 pair of gloves
rMut   .         Stasis   .     (no boots)
MR     +....                    s - amulet of faith
Stlth  ..........               j - ring of protection from magic
                                d - ring of see invisible

@: somewhat resistant to hostile enchantments, extremely unstealthy
A: retaliatory headbutt, horns 2
a: Berserk, Burn Spellbooks, Renounce Religion


You were on level 5 of the Dungeon.
You worshipped Trog.
Trog was aware of your devotion.
You were not hungry.

You visited 1 branch of the dungeon, and saw 5 of its levels.

You collected 275 gold pieces.

Inventory:

Hand Weapons
 a - a +1 long sword (weapon)
Armour
 b - a +0 scale mail (worn)
 c - a +0 shield (worn)
 p - a +1 pair of gloves (worn)
Jewellery
 d - a ring of see invisible (left hand)
 j - a ring of protection from magic (right hand)
 s - an amulet of faith (around neck)
Wands
 r - a wand of paralysis (13)
Scrolls
 h - a scroll of identify
 i - a scroll of remove curse {unknown}
 l - 3 scrolls of teleportation
 n - a scroll of immolation
Potions
 f - a potion of agility
 g - a potion of berserk rage
 k - a potion of degeneration
 o - 6 potions of curing
 q - a potion of ambrosia
Comestibles
 e - 4 bread rations
 m - 3 meat rations
 t - 10 fruits


   Skills:
 - Level 3.6 Fighting
 + Level 10.2 Long Blades
 - Level 3.6 Armour
 - Level 3.6 Shields


You had 6 spell levels left.
You didn't know any spells.

Dungeon Overview and Level Annotations

Branches:
Dungeon (5/15)
 Temple: D:4-7

Altars:
Dithmenos
Fedhas
Nemelex Xobeh
Okawaru
Qazlal
Trog

Shops:
D:4 (


Innate Abilities, Weirdness & Mutations

You reflexively headbutt those who attack you in melee.
You have a pair of horns on your head.


Message History

The ogre is moderately wounded.
The ogre hits you with a giant spiked club!
You barely miss the ogre. You headbutt the ogre.
The ogre is moderately wounded.
You barely miss the ogre.
The ogre is moderately wounded.
The ogre hits you with a giant spiked club!!
You hit the ogre. You headbutt the ogre.
The ogre is severely wounded.
The ogre hits you with a giant spiked club!
* * * LOW HITPOINT WARNING * * *
You are too injured to fight recklessly!
You are too injured to fight recklessly!
You are too injured to fight recklessly!
You are too injured to fight recklessly!
You are too injured to fight recklessly!
You hit the ogre. Your headbutt misses the ogre.
The ogre is almost dead.
The ogre hits you with a giant spiked club!!
You die...

######### #......(.
#........ #.O......
##### #@....... #...#
####........ #...#
##...........
###...######............
>.............##......$.
###...###.######........
#...# #.# .########
#...# #.# . ####....# .


You could see an ogre.

Vanquished Creatures
  The ghost of Poody the Archer, an amateur CeHu (D:3)
  An ogre (D:4)
  Blork the orc (D:4)
  A giant frog (D:4)
  A scorpion (D:4)
  2 hounds
  An orc priest (D:4)
  An orc wizard (D:4)
  An iguana (D:5)
  6 adders
  7 gnolls (D:4)
  An adder skeleton (D:4)
  3 worms (D:2)
  4 giant geckos
  9 orcs
  6 giant cockroaches
  8 hobgoblins
  6 jackals
  2 quokkas
  2 ball pythons
  9 bats
  4 giant newts
  9 goblins
  8 kobolds
  7 rats
101 creatures vanquished.

Vanquished Creatures (others)
  4 toadstools (D:1)
4 creatures vanquished.

Grand Total: 105 creatures vanquished

Notes
Turn   | Place    | Note
--------------------------------------------------------------
     0 | D:1      | PossumBlood the Minotaur Fighter began the quest for the Orb.
     0 | D:1      | Reached XP level 1. HP: 19/19 MP: 0/0
   188 | D:1      | Reached XP level 2. HP: 23/26 MP: 1/1
   532 | D:1      | Reached skill level 4 in Long Blades
   648 | D:2      | Reached XP level 3. HP: 31/31 MP: 2/2
   738 | D:2      | Reached skill level 5 in Long Blades
   914 | D:2      | Reached XP level 4. HP: 39/39 MP: 3/3
   916 | D:2      | Found a sparkling altar of Nemelex Xobeh.
   989 | D:2      | Found a stormy altar of Qazlal.
  1313 | D:3      | Noticed Poody's ghost (amateur CeHu)
  1319 | D:3      | Killed Poody's ghost
  1319 | D:3      | Reached skill level 7 in Long Blades
  1319 | D:3      | Reached XP level 5. HP: 20/45 MP: 4/4
  1498 | D:3      | Found a bloodstained altar of Trog.
  1508 | D:3      | Became a worshipper of Trog the Wrathful
  1539 | D:3      | Reached XP level 6. HP: 38/51 MP: 5/5
  1791 | D:4      | Reached skill level 8 in Long Blades
  1989 | D:4      | Found a shadowy altar of Dithmenos.
  1999 | D:4      | Noticed Blork the orc
  2005 | D:4      | Killed Blork the orc
  2005 | D:4      | Reached * piety under Trog
  2013 | D:4      | Reached skill level 9 in Long Blades
  2050 | D:4      | Reached XP level 7. HP: 24/57 MP: 6/6
  2227 | D:4      | Found Dimed's Antique Weapon Boutique.
  2638 | D:4      | Reached skill level 10 in Long Blades
  2721 | D:5      | Entered Level 5 of the Dungeon
  2832 | D:5      | Found an iron altar of Okawaru.
  2855 | D:5      | Found a blossoming altar of Fedhas.
  2997 | D:5      | Mangled by an ogre

Action                   |  1- 3 |  4- 6 |  7- 9 || total
-------------------------+-------+-------+-------++-------
Melee: Long sword        |    98 |   126 |    43 ||   267
  Use: Potion            |       |     2 |       ||     2
       Scroll            |       |     8 |     2 ||    10
  Eat: Pizza             |       |     1 |       ||     1
       Fruit             |       |     3 |     1 ||     4
       Royal jelly       |       |       |     1 ||     1
